[Event "January 9 Early 2024"]
[Site "https://www.chess.com"]
[Date "2024.01.11"]
[Round "4"]
[White "Molina, Roberto Junio Brito"]
[Black "Estrada Nieto, Julian"]
[Result "1-0"]
[Board "140"]
[TimeControl "180+1"]
[WhiteFideId "2109450"]
[BlackFideId "5101018"]
[WhiteElo "2809"]
[BlackElo "2594"]
[WhiteTeam "BRA"]
[BlackTeam "ESP"]
[WhiteClock "0:00:37"]
[BlackClock "0:00:02"]

1. d4 d5 2. Nf3 Nf6 3. e3 e6 4. Bd3 c5 5. c3 Nc6 6. O-O Bd6 7. Nbd2 O-O 8. dxc5 Bxc5 9. e4 Qc7 10. Qe2 dxe4 11. Nxe4 Be7 12. Bg5 Nd5 13. Bxe7 Ncxe7 14. g3 b6 15. Rfd1 Bb7 16. Rd2 Rfd8 17. Rad1 a6 18. c4 Nb4 19. Bb1 Rxd2 20. Rxd2 Rd8 21. a3 Nbc6 22. b4 Nf5 23. Qd1 Rxd2 24. Qxd2 h6 25. c5 Ne5 26. Nxe5 Qxe5 27. Nd6 Nd4 28. Qe3 Nf3+ 29. Kg2 Ne1+ 30. Kf1 Qd5 31. Kxe1 Bc6 32. Be4 Qe5 33. Bxc6 Qa1+ 34. Ke2 Qb2+ 35. Kf1 bxc5 36. bxc5 Qb1+ 37. Kg2 Qb8 38. Bf3 Qc7 39. Qd4 1-0

[Event "January 9 Early 2024"]
[Site "https://www.chess.com"]
[Date "2024.01.11"]
[Round "4"]
[White "Boyer, Mahel"]
[Black "Jovic, Stanoje"]
[Result "1-0"]
[Board "141"]
[TimeControl "180+1"]
[WhiteFideId "45102422"]
[BlackFideId "905020"]
[WhiteElo "2644"]
[BlackElo "2414"]
[WhiteTeam "FRA"]
[BlackTeam "SRB"]
[WhiteClock "0:00:15"]
[BlackClock "0:00:09"]

1. e4 c6 2. c4 d5 3. cxd5 cxd5 4. exd5 Nf6 5. Nc3 Nxd5 6. Nf3 Nc6 7. Bb5 Nc7 8. Bc4 g6 9. d4 Bg7 10. d5 Ne5 11. Nxe5 Bxe5 12. Bh6 b5 13. Nxb5 Bd6 14. O-O Nxb5 15. Bxb5+ Bd7 16. Bc6 Rb8 17. Rc1 f6 18. Qa4 Bxc6 19. dxc6 Qc7 20. Rfe1 Bxh2+ 21. Kh1 Be5 22. b4 g5 23. Rcd1 Kf7 24. Rd7 Qb6 25. Rxe5 fxe5 26. Qb3+ Kf6 27. Bg7+ Kxg7 28. Rxe7+ Kh6 29. Qh3+ Kg6 30. Qe6+ Kh5 31. Qf7+ Kh4 32. Qf3 Qd4 33. Qh3# 1-0

[Event "January 9 Early 2024"]
[Site "https://www.chess.com"]
[Date "2024.01.11"]
[Round "4"]
[White "Alekseenko, Kirill"]
[Black "Tatarinov, Dmitry"]
[Result "1-0"]
[Board "142"]
[TimeControl "180+1"]
[WhiteFideId "4135539"]
[BlackFideId "24160067"]
[WhiteElo "2926"]
[BlackElo "2751"]
[WhiteTeam "AUT"]
[BlackTeam "RUS"]
[WhiteClock "0:00:25"]
[BlackClock "0:00:07"]

1. e4 e5 2. Nf3 Nc6 3. Bc4 Bc5 4. d3 Nf6 5. Nc3 h6 6. h3 d6 7. a4 a6 8. Be3 Bxe3 9. fxe3 O-O 10. O-O Be6 11. Nd2 d5 12. exd5 Nxd5 13. e4 Ne3 14. Qe2 Nxf1 15. Rxf1 Bxc4 16. Nxc4 Qd4+ 17. Kh1 Rad8 18. Ne3 Qd7 19. Qh5 f6 20. Rf3 Qf7 21. Qh4 Nd4 22. Rg3 Kh7 23. Nf5 Rg8 24. Kh2 Nxf5 25. exf5 Rd4 26. Ne4 a5 27. c3 Rdd8 28. Rg6 Rxd3 29. Qh5 Qf8 30. Qe2 Rd7 31. Qb5 b6 32. Qe2 1-0

[Event "January 9 Early 2024"]
[Site "https://www.chess.com"]
[Date "2024.01.11"]
[Round "4"]
[White "Shimanov, Aleksandr"]
[Black "Principe, Gerson"]
[Result "1-0"]
[Board "143"]
[TimeControl "180+1"]
[WhiteFideId "4198603"]
[BlackFideId "3804550"]
[WhiteElo "2996"]
[BlackElo "2647"]
[WhiteTeam "RUS"]
[BlackTeam "PER"]
[WhiteClock "0:00:49"]
[BlackClock "0:00:02"]

1. e4 c6 2. d4 d5 3. Nc3 dxe4 4. Nxe4 Nd7 5. Nf3 Ngf6 6. Neg5 e6 7. Bd3 Bd6 8. Qe2 h6 9. Ne4 Nxe4 10. Qxe4 Qc7 11. O-O b6 12. Qg4 g5 13. Qh3 Rg8 14. Qxh6 Bf8 15. Qh3 g4 16. Qh4 gxf3 17. g3 Be7 18. Qh6 Bb7 19. Re1 O-O-O 20. Qh7 Rgf8 21. Bh6 Rh8 22. Qxf7 Rxh6 23. Qxe7 Rdh8 24. h4 Qd8 25. Rxe6 Qxe7 26. Rxe7 Kd8 27. Rae1 Rd6 28. Bf5 Rxd4 29. Rg7 Bc8 30. Re3 c5 31. Kh2 Rf8 32. g4 Rd6 33. Kg3 b5 34. h5 c4 35. Rxf3 a6 36. Re3 Rdf6 37. f3 R6f7 38. Rxf7 Rxf7 39. h6 Nf6 40. Bxc8 Kxc8 41. g5 Nd5 42. Re5 Nf4 43. Kg4 Kd7 44. Rf5 Ng6 45. Rxf7+ 1-0

[Event "January 9 Early 2024"]
[Site "https://www.chess.com"]
[Date "2024.01.11"]
[Round "4"]
[White "Filippova, Margarita"]
[Black "Osmak, Yuliia"]
[Result "0-1"]
[Board "144"]
[TimeControl "180+1"]
[WhiteFideId "34199680"]
[BlackFideId "14101602"]
[WhiteElo "2342"]
[BlackElo "2521"]
[WhiteTeam "RUS"]
[BlackTeam "UKR"]
[WhiteClock "0:00:36"]
[BlackClock "0:00:31"]

1. e4 e5 2. Nf3 Nc6 3. Bc4 Nf6 4. O-O Nxe4 5. Nc3 Nxc3 6. dxc3 Be7 7. Qd5 O-O 8. Nxe5 Nxe5 9. Qxe5 Bf6 10. Qe4 Re8 11. Qd5 Re7 12. Bf4 d6 13. Rfe1 Be6 14. Qd3 Qd7 15. Bd5 Rae8 16. Bxb7 Bf5 17. Qd2 Qb5 18. Rxe7 Rxe7 19. Bf3 Qxb2 20. Re1 Qxc2 21. Rxe7 Bxe7 22. Qxc2 Bxc2 23. Be3 a5 24. Kf1 Bf6 25. Bd4 Bxd4 26. cxd4 Kf8 27. Ke1 Ke7 28. Kd2 Bb1 29. a3 c5 30. dxc5 dxc5 31. Kc3 Kd6 32. g3 Ba2 33. Be4 h6 34. f4 Bd5 35. Bd3 Ke6 36. Bb5 Kf5 37. Bc4 Ke4 38. Bd3+ Kf3 39. Bc4 Bxc4 40. Kxc4 Kg2 41. Kxc5 Kxh2 42. g4 Kg3 43. a4 Kxg4 44. Kb5 h5 45. Kxa5 h4 46. Kb6 h3 47. a5 h2 0-1

[Event "January 9 Early 2024"]
[Site "https://www.chess.com"]
[Date "2024.01.11"]
[Round "4"]
[White "Tristan, Leonardo"]
[Black "Iljin, Timofey"]
[Result "1-0"]
[Board "145"]
[TimeControl "180+1"]
[WhiteFideId "113816"]
[BlackFideId "14110180"]
[WhiteElo "2736"]
[BlackElo "2538"]
[WhiteTeam "ARG"]
[BlackTeam "UKR"]
[WhiteClock "0:00:16"]
[BlackClock "0:00:03"]

1. d4 f5 2. Nf3 Nf6 3. g3 g6 4. Bg2 Bg7 5. O-O O-O 6. Nbd2 d6 7. Re1 Qe8 8. e4 Nc6 9. c3 e5 10. exf5 gxf5 11. dxe5 dxe5 12. Nxe5 Nxe5 13. f4 Nfg4 14. fxe5 Be6 15. Nf3 Qb5 16. h3 Rad8 17. Nd4 Qb6 18. hxg4 c5 19. Nxe6 Rxd1 20. Rxd1 Re8 21. Nxg7 Kxg7 22. Rd7+ Kh8 23. Bf4 Qxb2 24. Rad1 Qxc3 25. Rxb7 fxg4 26. Rdd7 Qc2 27. e6 Qf5 28. Rf7 Qf6 29. Rxf6 c4 30. Rff7 Rb8 31. Rxb8# 1-0

[Event "January 9 Early 2024"]
[Site "https://www.chess.com"]
[Date "2024.01.11"]
[Round "4"]
[White "Mendez Fortes, Eduardo Jesus"]
[Black "Dyulgerov, Volen"]
[Result "1-0"]
[Board "146"]
[TimeControl "180+1"]
[WhiteFideId "3502376"]
[BlackFideId "2918978"]
[WhiteElo "2547"]
[BlackElo "2384"]
[WhiteTeam "CUB"]
[BlackTeam "BUL"]
[WhiteClock "0:00:43"]
[BlackClock "0:00:01"]

1. e4 c5 2. Nf3 d6 3. d4 cxd4 4. Nxd4 Nf6 5. Nc3 a6 6. Bg5 e6 7. f4 Qc7 8. Qf3 b5 9. Bxf6 gxf6 10. a3 h5 11. f5 Be7 12. O-O-O Nc6 13. Nxc6 Qxc6 14. Be2 h4 15. Qh3 Qc5 16. Bg4 Qe5 17. fxe6 fxe6 18. Ne2 Rg8 19. Kb1 f5 20. Bh5+ Kd8 21. Nd4 Bd7 22. Bf7 Rg4 23. Bxe6 Rxe4 24. Bxd7 Rxd4 25. Rde1 Re4 26. Rxe4 fxe4 27. Bc6 Ra7 28. Re1 Bf6 29. c3 Re7 30. Rxe4 Qc5 31. Rxe7 Kxe7 32. Qd7+ Kf8 33. Be4 Qg1+ 34. Ka2 Qxh2 35. Bg6 Be7 36. Qf5+ Kg7 37. Qf7+ Kh6 38. Bb1 Kg5 39. Qxe7+ Kg4 40. Qg7+ 1-0

[Event "January 9 Early 2024"]
[Site "https://www.chess.com"]
[Date "2024.01.11"]
[Round "4"]
[White "Travkina, Anastasia"]
[Black "Saim, Mohamed Ilias"]
[Result "1-0"]
[Board "147"]
[TimeControl "180+1"]
[WhiteFideId "24129151"]
[BlackFideId "7900465"]
[WhiteElo "2444"]
[BlackElo "2106"]
[WhiteTeam "RUS"]
[BlackTeam "ALG"]
[WhiteClock "0:00:26"]
[BlackClock "0:00:04"]

1. e4 c5 2. Nf3 Nc6 3. d4 cxd4 4. Nxd4 Nf6 5. Nc3 e5 6. Ndb5 d6 7. Nd5 Nxd5 8. exd5 Ne7 9. a4 Ng6 10. Be2 a6 11. Na3 Be7 12. O-O f5 13. f4 e4 14. Be3 O-O 15. Nc4 Bd7 16. a5 Bb5 17. Nb6 Bxe2 18. Qxe2 Rb8 19. c4 Bf6 20. Rac1 Ne7 21. b4 Nc8 22. Rfd1 Nxb6 23. Bxb6 Qd7 24. c5 Rbc8 25. Qc4 Qa4 26. c6 Kh8 27. Rd2 Qa3 28. Rdc2 Bb2 29. Rb1 Bf6 30. Ra2 Qd3 31. Qxd3 exd3 32. cxb7 Rc2 33. Rxc2 dxc2 34. Rc1 Rb8 35. Rxc2 g5 36. Rc8+ 1-0

[Event "January 9 Early 2024"]
[Site "https://www.chess.com"]
[Date "2024.01.11"]
[Round "4"]
[White "Nepomniachtchi, Ian"]
[Black "Popov, Konstantin"]
[Result "1-0"]
[Board "148"]
[TimeControl "180+1"]
[WhiteFideId "4168119"]
[BlackFideId "34137910"]
[WhiteElo "3131"]
[BlackElo "2907"]
[WhiteTeam "RUS"]
[BlackTeam "FID"]
[WhiteClock "0:00:55"]
[BlackClock "0:00:05"]

1. e4 c5 2. Nf3 d6 3. d4 Nf6 4. Nc3 cxd4 5. Nxd4 a6 6. Be2 e5 7. Nf3 Be7 8. Bg5 Be6 9. Bxf6 Bxf6 10. Qd2 Be7 11. h4 h6 12. O-O-O Nd7 13. Nd5 Nb6 14. Nxe7 Kxe7 15. Nxe5 Qc7 16. Nf3 Rhc8 17. Kb1 Na4 18. Nd4 Qb6 19. Nb3 Qxf2 20. Qxd6+ Ke8 21. Bd3 Qb6 22. Qe5 Kf8 23. g4 Qc7 24. Qd4 Nc5 25. g5 h5 26. Nxc5 Qxc5 27. Qxc5+ Rxc5 28. b3 b5 29. Kb2 Ke7 30. Ra1 a5 31. a3 a4 32. b4 Re5 33. Kc3 Rc8+ 34. Kd4 Kd6 35. Rac1 Bc4 36. Rhf1 Re7 37. Rf5 Rec7 38. Rcf1 Ke6 39. Re5+ Kd6 40. Rff5 Be6 41. Rxb5 Bxf5 42. exf5 Rc3 43. Rb7 Rxa3 44. Bb5 Rc6 45. c4 1-0

[Event "January 9 Early 2024"]
[Site "https://www.chess.com"]
[Date "2024.01.11"]
[Round "4"]
[White "Onyshchuk, Volodymyr"]
[Black "Daneshvar, Bardiya"]
[Result "1-0"]
[Board "149"]
[TimeControl "180+1"]
[WhiteFideId "14114038"]
[BlackFideId "12576468"]
[WhiteElo "2759"]
[BlackElo "2941"]
[WhiteTeam "UKR"]
[BlackTeam "IRI"]
[WhiteClock "0:00:44"]
[BlackClock "0:00:04"]

1. e4 c6 2. d4 Na6 3. Nc3 Nc7 4. Nf3 g6 5. h3 Bg7 6. Bd3 d6 7. O-O e5 8. Bg5 f6 9. Be3 Ne7 10. Bc4 Be6 11. Bb3 O-O 12. dxe5 dxe5 13. Qxd8 Rfxd8 14. Rfd1 b6 15. Ne1 Kf7 16. Kf1 Bxb3 17. axb3 Rxd1 18. Rxd1 Ke6 19. Ra1 Nc8 20. Nd3 Nd6 21. Nb4 Kd7 22. f3 a5 23. Nd3 c5 24. Ke2 Kc6 25. Nf2 c4 26. Rd1 b5 27. Nd5 Nxd5 28. Rxd5 cxb3 29. cxb3 Nb7 30. Rd1 Rc8 31. h4 Bf8 32. Nd3 Ra8 33. h5 a4 34. bxa4 Rxa4 35. hxg6 hxg6 36. Rh1 Bc5 37. Rh6 Bxe3 38. Kxe3 Nc5 39. Rxg6 Nd7 40. g4 Kc7 41. Rg7 Rc4 42. g5 fxg5 43. Nxe5 1-0

[Event "January 9 Early 2024"]
[Site "https://www.chess.com"]
[Date "2024.01.11"]
[Round "4"]
[White "Klimkowski, Jan"]
[Black "Perske, Thore"]
[Result "0-1"]
[Board "150"]
[TimeControl "180+1"]
[WhiteFideId "21856222"]
[BlackFideId "12902195"]
[WhiteElo "2923"]
[BlackElo "2646"]
[WhiteTeam "POL"]
[BlackTeam "GER"]
[WhiteClock "0:00:11"]
[BlackClock "0:00:13"]

1. g3 Nf6 2. Bg2 g6 3. Nf3 Bg7 4. O-O O-O 5. b3 d6 6. Bb2 e5 7. c4 Re8 8. Nc3 a5 9. d4 e4 10. Nd2 Bf5 11. f3 e3 12. Nde4 Nbd7 13. Qd3 Bxe4 14. fxe4 c5 15. Nb5 Qb6 16. Qxe3 a4 17. e5 dxe5 18. dxe5 Ng4 19. Qf3 Ndxe5 20. Qxb7 Qxb7 21. Bxb7 Rab8 22. Bd5 axb3 23. axb3 Re7 24. Ra8 Rxa8 25. Bxa8 h5 26. Ra1 Ne3 27. h3 h4 28. g4 Nf3+ 29. Bxf3 Bxb2 30. Ra2 Be5 31. Na7 Rd7 32. Kf2 Nd1+ 33. Ke1 Bg3+ 34. Kf1 Ne3+ 35. Kg1 Rd1# 0-1

[Event "January 9 Early 2024"]
[Site "https://www.chess.com"]
[Date "2024.01.11"]
[Round "4"]
[White "Franchini, Gabriele"]
[Black "Balla, Tamas-Kristof"]
[Result "0-1"]
[Board "151"]
[TimeControl "180+1"]
[WhiteFideId "806790"]
[BlackFideId "1208497"]
[WhiteElo "2235"]
[BlackElo "2467"]
[WhiteTeam "ITA"]
[BlackTeam "ROU"]
[WhiteClock "0:00:05"]
[BlackClock "0:00:17"]

1. e4 c5 2. Nc3 Nc6 3. Bb5 Nd4 4. Nf3 Nf6 5. e5 Nxb5 6. exf6 Nxc3 7. fxg7 Bxg7 8. dxc3 d6 9. O-O O-O 10. Qd3 Qd7 11. Re1 e5 12. Bg5 f5 13. Rad1 e4 14. Qd5+ Kh8 15. Nh4 Be5 16. f4 Qg7 17. fxe5 Qxg5 18. Qxd6 Kg8 19. g3 f4 20. Qd5+ Kh8 21. Qxe4 fxg3 22. Ng2 Bf5 23. Qh4 gxh2+ 24. Qxh2 Bxc2 25. Rd7 Bf5 26. Rxb7 Rad8 27. Rxa7 Rd2 28. e6 Rg8 29. e7 Rxg2+ 30. Kf1 Bd3+ 31. Re2 Bxe2+ 32. Ke1 Qc1# 0-1

[Event "January 9 Early 2024"]
[Site "https://www.chess.com"]
[Date "2024.01.11"]
[Round "4"]
[White "Khegay, Yuliya"]
[Black "Spitzl, Vinzent"]
[Result "0-1"]
[Board "152"]
[TimeControl "180+1"]
[WhiteFideId "14205394"]
[BlackFideId "12901253"]
[WhiteElo "2191"]
[BlackElo "2449"]
[WhiteTeam "UZB"]
[BlackTeam "GER"]
[WhiteClock "0:00:02"]
[BlackClock "0:01:04"]

1. e4 d5 2. exd5 Qxd5 3. Nc3 Qd8 4. d4 Nf6 5. Nf3 g6 6. h3 Bg7 7. Bc4 a6 8. a4 Nc6 9. O-O O-O 10. Bf4 b6 11. Qd2 Bb7 12. Rfd1 Nb4 13. Be2 Nbd5 14. Nxd5 Nxd5 15. Bh6 a5 16. Bxg7 Kxg7 17. c3 Qd6 18. Ne5 Rad8 19. Bf3 Ba8 20. Nc4 Qf4 21. Qxf4 Nxf4 22. Bxa8 Rxa8 23. Re1 Nd5 24. Re5 e6 25. Rae1 Rac8 26. g3 Rfd8 27. Ne3 Nf6 28. Ng4 Nd7 29. R5e3 c5 30. dxc5 Nxc5 31. Ra1 Rd2 32. Ne5 Rxb2 33. Nc4 Rb3 34. Rf3 Rd8 35. Ne5 f6 36. Nc6 Rd6 37. Nd4 Rb2 38. Re1 e5 39. Nb5 Rdd2 40. Ra1 Ne4 41. Nc7 Nxf2 42. Ne8+ Kh6 43. Nxf6 Nxh3+ 44. Kf1 Rf2+ 45. Rxf2 Rxf2+ 0-1

[Event "January 9 Early 2024"]
[Site "https://www.chess.com"]
[Date "2024.01.11"]
[Round "4"]
[White "Averchenko, Sergej"]
[Black "Gonzalez Vega, Alejandro"]
[Result "1-0"]
[Board "153"]
[TimeControl "180+1"]
[WhiteFideId "4131533"]
[BlackFideId "3510042"]
[WhiteElo "1990"]
[BlackElo "2250"]
[WhiteTeam "RUS"]
[BlackTeam "CUB"]
[WhiteClock "0:00:33"]
[BlackClock "0:00:01"]

1. d4 d5 2. e4 dxe4 3. Nc3 Nf6 4. Bg5 Nbd7 5. f3 exf3 6. Nxf3 c6 7. Bd3 h6 8. Bh4 e6 9. O-O Be7 10. Qe1 Qb6 11. Rb1 O-O 12. Ne4 Qd8 13. Rd1 a5 14. Ne5 Nd5 15. Bg3 f5 16. Nc3 Qb6 17. Bf2 a4 18. Ng6 Rf7 19. Nxd5 cxd5 20. Nxe7+ Rxe7 21. b3 Nf6 22. Bxf5 Re8 23. Bg6 Rf8 24. Bh4 Bd7 25. Qe5 Ng4 26. Qe2 Nf6 27. Bxf6 Rxf6 28. Rxf6 gxf6 29. Qh5 Kg7 30. Qg4 Kh8 31. Qf4 Kg7 32. Qg3 Kh8 33. Qf2 Rf8 34. c4 axb3 35. c5 1-0

[Event "January 9 Early 2024"]
[Site "https://www.chess.com"]
[Date "2024.01.11"]
[Round "4"]
[White "Gatterer, Florian"]
[Black "Leiva, Gianmarco"]
[Result "0-1"]
[Board "154"]
[TimeControl "180+1"]
[WhiteFideId "811688"]
[BlackFideId "3804399"]
[WhiteElo "2424"]
[BlackElo "2689"]
[WhiteTeam "ITA"]
[BlackTeam "PER"]
[WhiteClock "0:00:02"]
[BlackClock "0:01:06"]

1. b3 d5 2. Nf3 Nf6 3. Bb2 Bf5 4. d3 e6 5. g3 Nbd7 6. Bg2 a5 7. a4 Bb4+ 8. Nbd2 O-O 9. O-O c6 10. Nd4 Bg6 11. f4 e5 12. f5 exd4 13. fxg6 hxg6 14. Bxd4 Bc5 15. Bxc5 Nxc5 16. h3 Qd6 17. Qe1 Rfe8 18. Qf2 Re7 19. Rae1 Rae8 20. Bf3 Re3 21. Kg2 R8e7 22. Kh2 Ncd7 23. Ne4 dxe4 24. Qxe3 exf3 25. Qxf3 Qc5 26. e4 Qxc2+ 27. Qg2 Qxd3 28. Rd1 Qxb3 29. Rb1 Qxa4 30. Rxb7 Qxe4 31. Qxe4 Rxe4 32. Ra1 Re2+ 33. Kg1 Ne5 34. Rxa5 g5 35. Rb3 Nd5 36. Rc5 f6 37. Kf1 Rh2 38. h4 gxh4 39. gxh4 Rxh4 40. Rb7 Kh7 41. Kg2 Kg6 42. Kg3 Ra4 43. Rb8 Kf5 44. Re8 Ra3+ 45. Kf2 g5 46. Ke2 Ke4 47. Rc1 Ra2+ 48. Kf1 Kf3 49. Rf8 g4 50. Kg1 g3 51. Rg8 Ne3 52. Re1 N5g4 53. Kh1 Rh2+ 54. Kg1 Rg2+ 0-1

[Event "January 9 Early 2024"]
[Site "https://www.chess.com"]
[Date "2024.01.11"]
[Round "4"]
[White "Pinheiro, Iung Alicio de O."]
[Black "Gabrielian, Artur"]
[Result "0-1"]
[Board "155"]
[TimeControl "180+1"]
[WhiteFideId "2104350"]
[BlackFideId "4131002"]
[WhiteElo "2593"]
[BlackElo "2804"]
[WhiteTeam "BRA"]
[BlackTeam "RUS"]
[WhiteClock "0:00:02"]
[BlackClock "0:00:23"]

1. e4 c5 2. Nf3 d6 3. d4 cxd4 4. Nxd4 Nf6 5. Nc3 Nc6 6. Bc4 e6 7. Be3 Be7 8. Qe2 a6 9. Bb3 Na5 10. f4 Qc7 11. Bf2 O-O 12. O-O-O Nxb3+ 13. Nxb3 b5 14. a3 Bb7 15. Rhe1 Rfc8 16. Kb1 d5 17. exd5 Nxd5 18. Nxd5 Bxd5 19. Bd4 Bf8 20. Qf2 f5 21. g4 Be4 22. Rd2 a5 23. gxf5 exf5 24. Be5 Qc4 25. Nd4 a4 26. Rxe4 fxe4 27. f5 b4 28. f6 bxa3 29. fxg7 Bc5 30. Nf5 Ra6 31. Qf4 axb2 32. Nh6+ Rxh6 33. Qxh6 a3 0-1

[Event "January 9 Early 2024"]
[Site "https://www.chess.com"]
[Date "2024.01.11"]
[Round "4"]
[White "Bhagyashree Patil"]
[Black "Dubnevych, Maksym"]
[Result "0-1"]
[Board "156"]
[TimeControl "180+1"]
[WhiteFideId "25053256"]
[BlackFideId "14184001"]
[WhiteElo "2324"]
[BlackElo "2520"]
[WhiteTeam "IND"]
[BlackTeam "UKR"]
[WhiteClock "0:00:04"]
[BlackClock "0:00:52"]

1. d4 a5 2. Nf3 b6 3. g3 Bb7 4. Bg2 g6 5. O-O Bg7 6. Re1 Nf6 7. c3 d5 8. Bg5 Ne4 9. Bf4 Nd7 10. Nbd2 O-O 11. Qc2 Nxd2 12. Qxd2 Nf6 13. Qc2 Ne4 14. c4 c6 15. Rad1 Rc8 16. h4 e6 17. Nd2 f5 18. Be5 Bh6 19. Nf3 Qe7 20. Rd3 Ba6 21. b3 c5 22. dxc5 Nxc5 23. Rdd1 Ne4 24. Nd4 Rc5 25. Bxe4 fxe4 26. f4 exf3 27. exf3 dxc4 28. bxc4 Rxc4 29. Qb2 Qc5 30. f4 Bb7 31. Kh2 Rb4 32. Qf2 Bd5 33. Rc1 Rc4 34. Rxc4 Qxc4 35. Re2 Rc8 36. Rc2 Qa6 37. Rxc8+ Qxc8 38. Qe1 Bf8 39. Qd1 Qc4 40. h5 Qxa2+ 41. Kh3 Qg2+ 42. Kh4 Be7+ 43. Kg4 gxh5+ 44. Kxh5 Qh3# 0-1

[Event "January 9 Early 2024"]
[Site "https://www.chess.com"]
[Date "2024.01.11"]
[Round "4"]
[White "Latreche, Khadidja"]
[Black "Arun, Siddharth"]
[Result "0-1"]
[Board "157"]
[TimeControl "180+1"]
[WhiteFideId "7901780"]
[BlackFideId "2079178"]
[WhiteElo "2129"]
[BlackElo "2320"]
[WhiteTeam "ALG"]
[BlackTeam "USA"]
[WhiteClock "0:00:04"]
[BlackClock "0:00:36"]

1. e4 c6 2. d4 d5 3. Nc3 dxe4 4. Nxe4 Bf5 5. Ng3 Bg6 6. Nf3 Nd7 7. Bd3 e6 8. O-O Ngf6 9. c3 Bd6 10. Bg5 Qc7 11. a4 Bxd3 12. Qxd3 h6 13. Be3 h5 14. Rfe1 O-O-O 15. a5 h4 16. Nf1 Ng4 17. a6 b6 18. Bg5 f6 19. Bxh4 Nxh2 20. N1xh2 Bxh2+ 21. Nxh2 Rxh4 22. g3 Rh6 23. Ng4 Rh5 24. Rxe6 Nc5 25. Qe2 Nxe6 26. Qxe6+ Qd7 27. Re1 Qxe6 28. Rxe6 Kd7 29. Re2 Ra5 30. Ne3 Re8 31. Rc2 g6 32. Ng4 Re6 33. Kg2 Rxa6 34. Ne3 Ra5 35. g4 f5 36. Nc4 Rd5 37. Ne5+ Ke7 38. g5 c5 39. Rd2 Rexe5 0-1

[Event "January 9 Early 2024"]
[Site "https://www.chess.com"]
[Date "2024.01.11"]
[Round "4"]
[White "Nord, Alexander"]
[Black "Baches Garcia, Guillermo"]
[Result "0-1"]
[Board "158"]
[TimeControl "180+1"]
[WhiteFideId "1738135"]
[BlackFideId "2209764"]
[WhiteElo "2335"]
[BlackElo "2520"]
[WhiteTeam "SWE"]
[BlackTeam "ESP"]
[WhiteClock "0:00:01"]
[BlackClock "0:00:24"]

1. d4 Nf6 2. Nc3 e6 3. Bg5 h6 4. Bxf6 Qxf6 5. e4 d6 6. g3 g6 7. Bg2 Bg7 8. Nge2 Nc6 9. Nb5 Qe7 10. O-O a6 11. Na3 Bd7 12. c3 O-O 13. Nc4 b5 14. Ne3 Rab8 15. b4 Nd8 16. Qd3 f5 17. Nf4 Be8 18. Rfe1 g5 19. Ne2 f4 20. Nc2 Bh5 21. f3 Bg6 22. a4 fxg3 23. Nxg3 h5 24. axb5 axb5 25. Ra5 c6 26. Rea1 Nf7 27. Ra7 Rb7 28. Rxb7 Qxb7 29. Ne3 Qe7 30. Qb1 Nh6 31. Ra6 c5 32. bxc5 dxc5 33. Qa2 cxd4 34. Rxe6 Qf7 35. cxd4 Kh7 36. e5 g4 37. fxg4 Nxg4 0-1

[Event "January 9 Early 2024"]
[Site "https://www.chess.com"]
[Date "2024.01.11"]
[Round "4"]
[White "Hayrapetyan, Hovik"]
[Black "Sielecki, Christof"]
[Result "1-0"]
[Board "159"]
[TimeControl "180+1"]
[WhiteFideId "13302639"]
[BlackFideId "4620437"]
[WhiteElo "2803"]
[BlackElo "2586"]
[WhiteTeam "ARM"]
[BlackTeam "GER"]
[WhiteClock "0:00:14"]
[BlackClock "0:00:17"]

1. d4 d5 2. c4 e6 3. Nc3 Nf6 4. Nf3 a6 5. cxd5 exd5 6. Bg5 Be6 7. Qb3 Ra7 8. Bxf6 Qxf6 9. Nxd5 Qd8 10. e4 c6 11. Qb6 cxd5 12. Qxa7 dxe4 13. Nd2 Bb4 14. Qxb7 Bxd2+ 15. Kxd2 Qxd4+ 16. Ke1 O-O 17. Rd1 Qe5 18. Qb6 Nd7 19. Qd4 Qa5+ 20. b4 Qxa2 21. Be2 Nf6 22. f3 exf3 23. gxf3 Re8 24. Kf2 Bb3 25. Rd2 Qa4 26. Rg1 Kh8 27. Ra1 Qc6 28. Rxa6 Qc7 29. Rd6 Be6 30. Kg2 h6 31. Rd8 Rg8 32. Rxg8+ Nxg8 33. b5 Qb7 34. b6 Ne7 35. Qd8+ Kh7 36. Qc7 1-0

[Event "January 9 Early 2024"]
[Site "https://www.chess.com"]
[Date "2024.01.11"]
[Round "4"]
[White "Malek, Jan"]
[Black "Kanyamarala, Tarun"]
[Result "1-0"]
[Board "160"]
[TimeControl "180+1"]
[WhiteFideId "21864080"]
[BlackFideId "45004714"]
[WhiteElo "2715"]
[BlackElo "2518"]
[WhiteTeam "POL"]
[BlackTeam "IRL"]
[WhiteClock "0:00:27"]
[BlackClock "0:00:02"]

1. c4 e5 2. Nc3 Bb4 3. Qc2 Nf6 4. Nf3 d6 5. g3 O-O 6. Bg2 h6 7. O-O Nc6 8. a3 Bxc3 9. Qxc3 a5 10. b3 Re8 11. Bb2 Bg4 12. Rfe1 Qd7 13. d3 Bh3 14. Bh1 Qg4 15. b4 Qh5 16. b5 Ne7 17. Nh4 g5 18. Nf3 b6 19. Nxe5 dxe5 20. Qxe5 Ned5 21. Qd4 Rad8 22. cxd5 Re6 23. dxe6 Rxd4 24. Bxd4 Ne8 25. e7 Bd7 26. a4 Qg6 27. Bb2 Qe6 28. Ba3 Nd6 29. Rac1 Ne8 30. Bc6 Bxc6 31. Rxc6 Qb3 32. Bd6 cxd6 33. Rc8 f6 34. Rxe8+ Kf7 35. Rb8 Kxe7 36. Rc1 Qxa4 37. Rc7+ Ke6 38. Re8+ 1-0

[Event "January 9 Early 2024"]
[Site "https://www.chess.com"]
[Date "2024.01.11"]
[Round "4"]
[White "Dmitrenko, Viktor"]
[Black "Niedbala, Bartlomiej"]
[Result "0-1"]
[Board "161"]
[TimeControl "180+1"]
[WhiteFideId "14110270"]
[BlackFideId "21834008"]
[WhiteElo "2446"]
[BlackElo "2684"]
[WhiteTeam "UKR"]
[BlackTeam "POL"]
[WhiteClock "0:00:01"]
[BlackClock "0:00:09"]

1. Nf3 c5 2. e3 d5 3. b3 Nf6 4. Bb2 g6 5. c4 Bg7 6. cxd5 O-O 7. Be2 Qxd5 8. O-O Nc6 9. Nc3 Qd7 10. Na4 b6 11. d4 cxd4 12. Nxd4 Bb7 13. Bf3 Ne5 14. Bxb7 Qxb7 15. Qe2 Ne4 16. Rac1 Rac8 17. Rfd1 Rfd8 18. Nc3 Nc5 19. f4 Ned7 20. b4 Na6 21. b5 Nac5 22. Nc6 Re8 23. Nd5 Bf8 24. Qf3 e6 25. Ndb4 Qa8 26. e4 a5 27. bxa6 Rxc6 28. Nxc6 Qxc6 29. a7 e5 30. f5 Qb5 0-1

[Event "January 9 Early 2024"]
[Site "https://www.chess.com"]
[Date "2024.01.11"]
[Round "4"]
[White "Batsiashvili, Nino"]
[Black "Manon-og, Ramon Jr."]
[Result "0-1"]
[Board "162"]
[TimeControl "180+1"]
[WhiteFideId "13602993"]
[BlackFideId "5200776"]
[WhiteElo "2508"]
[BlackElo "2363"]
[WhiteTeam "GEO"]
[BlackTeam "PHI"]
[WhiteClock "0:00:09"]
[BlackClock "0:00:15"]

1. e4 c5 2. Nf3 d6 3. c3 Nf6 4. Bd3 Bg4 5. h3 Bh5 6. O-O Nc6 7. Be2 Nxe4 8. d4 cxd4 9. cxd4 d5 10. Nc3 Nxc3 11. bxc3 e6 12. Rb1 Qc7 13. Qb3 b6 14. Qa4 Bd6 15. g4 Bg6 16. Bb5 Rc8 17. Rb2 Be4 18. Ne5 Bxe5 19. dxe5 O-O 20. f3 Bg6 21. f4 Na5 22. Bd2 Qc5+ 23. Kh2 Be4 24. Rb4 h6 25. Rd4 Rfd8 26. Ba6 Rc7 27. Kg3 Bc2 28. Qb5 Nc4 29. Rc1 Nxd2 30. Rxc2 Ne4+ 31. Kf3 Qa3 32. Rd3 Nxc3 33. h4 d4 34. f5 Nxb5 0-1